 Dungeon Crawl Stone Soup version 0.30-a0-883-g5ad918d77d (webtiles) character file.

Game seed: 7410846799532601238

450 hikkokomori the Slasher (level 7, -2/55 HPs)
             Began as a Merfolk Gladiator on Mar 17, 2023.
             Was a Follower of Okawaru.
             Slain by an adder (4 damage)
             ... on level 4 of the Dungeon on Mar 18, 2023.
             The game lasted 00:06:27 (3289 turns).

hikkokomori the Slasher (Merfolk Gladiator)         Turns: 3289, Time: 00:06:28

Health: -2/55      AC:  5    Str: 15    XL:     7   Next: 4%
Magic:  7/7        EV: 14    Int:  7    God:    Okawaru [*.....]
Gold:   206        SH:  0    Dex: 17    Spells: 6/6 levels left

rFire   . . .      SeeInvis .    z - +1 long sword (heavy)
rCold   . . .      Faith    .    (no shield)
rNeg    . . .      Spirit   .    b - +0 leather armour
rPois   .          Reflect  .    c - +0 helmet
rElec   .          Rampage  .    (no cloak)
rCorr   .                        h - +0 pair of gloves
Will    .....                    (no boots)
Stlth   +++                      (no amulet)
HPRegen 0.29/turn                (no ring)
MPRegen 0.10/turn                (no ring)

@: lethally poisoned (-2 -> -5)
A: (nimble swimmer 2), mertail
a: Renounce Religion, Heroism


You were on level 4 of the Dungeon.
You worshipped Okawaru.
Okawaru was aware of your devotion.
You visited 1 branch of the dungeon, and saw 5 of its levels.

You collected 206 gold pieces.

Inventory:

Hand Weapons
 a - a +0 long sword
 w - the +7 falchion of Lies {vamp, rPois rC- Dex+4}
   (You found it on level 3 of the Dungeon)

   Dex:       It affects your dexterity (+4).
   rC:        It makes you vulnerable to cold.
   rPois:     It protects you from poison.
 z - a +1 heavy long sword (weapon)
Missiles
 d - 3 throwing nets (quivered)
 e - 3 javelins
Armour
 b - a +0 leather armour (worn)
 c - a +0 helmet (worn)
 h - a +0 pair of gloves (worn)
Jewellery
 q - a ring of fire
Wands
 y - a wand of iceblast (2)
Scrolls
 g - 9 scrolls of identify {unknown}
 i - a scroll of torment {unknown}
 j - a scroll of summoning {unknown}
 k - a scroll of blinking {unknown}
 r - a scroll of fog {unknown}
 s - a scroll of amnesia {unknown}
 t - 2 scrolls of enchant weapon {unknown}
 u - a scroll of teleportation {unknown}
 x - a scroll of magic mapping {unknown}
Potions
 f - 2 potions of heal wounds {unknown}
 l - a potion of attraction {unknown}
 m - 2 potions of berserk rage {unknown}
 n - a potion of degeneration {unknown}
 o - 4 potions of curing {unknown}
 p - a potion of magic {unknown}
 v - a potion of might {unknown}


   Skills:
 + Level 4.3 Fighting
 + Level 5.5 Long Blades
 - Level 2.0 Throwing
 - Level 2.0 Armour
 + Level 4.6 Dodging
 + Level 4.0 Stealth


You had 6 spell levels left.
You didn't know any spells.
Your spell library contained the following spells:

 Spells                   Type           Power      Damage    Failure   Level
 Hailstorm                Conj/Ice       0%         3d3       86%         3
 Ice Form                 Ice/Tmut       0%         N/A       99%         4
 Simulacrum               Ice/Necr       Unusable   N/A       N/A         6

Dungeon Overview and Level Annotations

Branches:
Dungeon (5/15)             Temple (0/1) D:4

Altars:
Fedhas
Kikubaaqudgha
Okawaru
Trog


Innate Abilities, Weirdness & Mutations

((You are very nimble when in or above water. (Stealth+, EV+, Speed+++)))
Your lower body shifts to a powerful aquatic tail in water.


Message History

There are monsters nearby!
You fail to use your ability.
The hound bites you but does no damage.
You closely miss the hound. The hound misses you.
The hound bites you but does no damage. The iguana barely misses you.
You closely miss the hound. The hound bites you but does no damage.
The hound misses you. The iguana bites you! The hound barely misses you.
The iguana misses you.
The adder hisses angrily.
You barely miss the hound. The hound bites you but does no damage.
The hound bites you. The adder barely misses you.
The iguana closely misses you. The hound bites you.
The iguana bites you but does no damage. x2
The adder closely misses you.
Unknown command.
The hound barely misses you. The adder closely misses you.
The iguana closely misses you.
The shadow imp shouts, "Quit, thou euchred rude-growing yak-dropping!"
The iguana barely misses you.
You climb upwards.
There is a stone staircase leading down here.
You barely miss the iguana. The hound bites you. The adder misses you.
The hound bites you but does no damage. The iguana barely misses you.
The iguana bites you! The adder closely misses you. The hound misses you.
You slash the iguana!
The iguana is heavily wounded.
The hound misses you. The adder bites you.
You are poisoned.
The adder poisons you! The iguana misses you. The iguana bites you.
The hound bites you. The adder barely misses you.
The iguana closely misses you. The iguana barely misses you.
You hit the iguana.
The iguana is severely wounded.
You feel sick. The hound bites you.
* * * LOW HITPOINT WARNING * * *
The adder bites you.
* * * LOW HITPOINT WARNING * * *
The hound bites you but does no damage. The iguana bites you!
* * * LOW HITPOINT WARNING * * *
The iguana closely misses you. The adder bites you.
You die...

..#..............#.....#≈≈≈≈#....
..#..........(...#.....#≈_>§#....
..#..............#.....#≈.⌠≈#....
..#..............#.....#§≈≈≈#....
..#..............#.....####'#....
..####+##'####...#####...........
..#....##.####...#......#########
..#............Sl#......#
..#.............@#......#
..#............hl#......#
..#..............#......#
..#..............'......#
..#..............#......#
..################......# ###
########


You could see 2 iguanas, a hound and an adder.

Vanquished Creatures
  2 black bears
  Blork the orc (D:4)
  Natasha (thrice) (D:2)
  6 adders
  A worm (D:3)
  3 ball pythons
  4 endoplasms
  6 giant cockroaches
  9 goblins
  8 hobgoblins
  3 jackals (D:3)
  12 kobolds
  A quokka (D:1)
  5 bats
  8 frilled lizards
  6 rats
78 creatures vanquished.

Vanquished Creatures (others)
  9 plants (D:3)
9 creatures vanquished.

Grand Total: 87 creatures vanquished

Notes
Turn   | Place    | Note
-------+----------+-------------------------------------------
     0 | D:1      | hikkokomori the Merfolk Gladiator began the quest for the
                  | Orb.
     0 | D:1      | Reached XP level 1. HP: 16/16 MP: 1/1
    86 | D:1      | Reached XP level 2. HP: 23/23 MP: 2/2
   114 | D:1      | Reached skill level 1 in Stealth
   388 | D:1      | Reached skill level 4 in Long Blades
   457 | D:1      | Reached XP level 3. HP: 28/28 MP: 3/3
   740 | D:2      | Found an iron altar of Okawaru.
   793 | D:2      | Became a worshipper of Warmaster Okawaru
   880 | D:2      | Reached skill level 1 in Armour
   987 | D:2      | Noticed Natasha
   994 | D:2      | Killed Natasha
   995 | D:2      | Reached XP level 4. HP: 34/35 MP: 4/4
  1138 | D:2      | Noticed Natasha
  1149 | D:2      | Killed Natasha
  1150 | D:2      | Reached XP level 5. HP: 29/41 MP: 5/5
  1306 | D:2      | Found a faded altar of an unknown god.
  1404 | D:2      | Noticed Natasha
  1416 | D:2      | Killed Natasha
  1619 | D:3      | Noticed a black bear
  1637 | D:2      | Killed a black bear
  1637 | D:2      | Reached * piety under Okawaru
  1638 | D:2      | Reached skill level 5 in Long Blades
  1638 | D:2      | Reached XP level 6. HP: 32/48 MP: 6/6
  1917 | D:3      | Identified the +7 falchion of Lies {vamp, rPois rC- Dex+4}
  2518 | D:4      | Found a blossoming altar of Fedhas.
  2686 | D:4      | Found an iron altar of Okawaru.
  2812 | D:4      | Found a bloodstained altar of Trog.
  2894 | D:4      | Found an ancient bone altar of Kikubaaqudgha.
  2910 | D:4      | Noticed Blork the orc
  2918 | D:4      | Killed Blork the orc
  2977 | D:4      | Noticed a black bear
  2988 | D:4      | Killed a black bear
  2989 | D:4      | Reached XP level 7. HP: 40/55 MP: 7/7
  3168 | D:4      | Found a staircase to the Ecumenical Temple.
  3280 | D:5      | Entered Level 5 of the Dungeon
  3289 | D:4      | HP: 2/55 [iguana (7)]
  3289 | D:4      | Slain by an adder

Illustrated notes

Levels and vault maps discovered:
D:1:      mrwooster_arrival_arrow, layout_loops_ring, minmay_misc_feat_room,
          minmay_3d_cube
D:2:      layout_rooms, hellmonk_ecumenical_altar_heavens_door,
          serial_corexii_hall, chequers_hall_statues_y, corexii_hall_statues_i,
          basic_altar, uniq_natasha
D:3:      layout_loops_ring, minmay_hedge_maze, grunt_ministairs_10,
          lexackson_kobold_supper
D:4:      layout_gridville, lightli_temple_of_fire, kiku_gazebo_pond_becter,
          general_overflow_altar, fedhas_altar_3, minmay_temple_entry_poolview,
          minmay_strange_pillars, uniq_blork_the_orc
D:5:      layout_basic

Skill      XL: |  1  2  3  4  5  6 |
---------------+-------------------+-----
Stealth        | 1 2 3 4 |  4.0
Long Blades    | 4 5 |  5.5
Armour         | 1 2 |  2.0
Fighting       | 3 4 |  4.3
Throwing       | |  2.0
Dodging        | |  4.6

Action                     |  1- 3 |  4- 6 |  7- 9 || total
---------------------------+-------+-------+-------++-------
  Melee: Long sword        |    88 |   144 |     6 ||   238
         Punch             |     1 |     4 |       ||     5
         Falchion          |       |    12 |       ||    12
  Throw: Throwing net      |       |     3 |       ||     3
   Stab: Sleeping          |     3 |     7 |       ||    10
         Held in net/web   |       |     1 |       ||     1
 Armour: Leather armour    |    35 |    47 |     8 ||    90
  Dodge: Dodged            |    77 |   105 |    22 ||   204

Table legend: (Time is in decaauts)
 A = Elapsed time spent in this place.
 B = Non-inter-level travel time spent in this place.
 C = Inter-level travel time spent in this place.
 D = Time resting spent in this place.
 E = Time spent auto-exploring this place.
 F = Levels seen in this place.
 G = Mean time per level.
                   A        B        C        D        E       F      G
               +--------+--------+--------+--------+--------+-----+--------+
         Total |   3355 |   3279 |     76 |     28 |   2589 |   5 |  671.0 |
       Dungeon |   3355 |   3279 |     76 |     28 |   2589 |   5 |  671.0 |
               +--------+--------+--------+--------+--------+-----+--------+

Top non-repeatable levels by time:
     D:2: 992 daAuts
     D:4: 831 daAuts
     D:3: 777 daAuts
     D:1: 745 daAuts
     D:5: 7 daAuts
